 Seeded DCSS version 0.30.1-4-g462c640d31 (webtiles) character file.

Game seed: 6351066067085065685 (custom seed)

13056 Esekla the Thaumaturge (level 11, -2/59 HPs)
             Began as a Deep Elf Necromancer on Aug 25, 2023.
             Was an Elder of Vehumet.
             Slain by a centaur warrior simulacrum (9 damage)
             ... on level 11 of the Dungeon.
             The game lasted 01:34:29 (10998 turns).

Esekla the Thaumaturge (Deep Elf Necromancer)      Turns: 10998, Time: 01:34:29

Health: -2/59      AC:  8    Str:  5    XL:     11   Next: 70%
Magic:  39/39      EV: 15    Int: 25    God:    Vehumet [****..]
Gold:   89         SH:  0    Dex: 18    Spells: 12/36 levels left

rFire   . . .        s - +5 rapier of the Hero {heavy, rN+ Dex+3}
rCold   . . .        (no shield)
rNeg    + . .        u - +0 troll leather armour
rPois   .            L - +1 helmet
rElec   .            D - +0 cloak
rCorr   .            l - +0 pair of gloves
SInv    .            (no boots)
Will    +....        z - amulet of magic regeneration
Stlth   +++          j - ring of magical power
HPRegen 1.09/turn    T - ring of the Mage {Wiz Archmagi}
MPRegen 0.66/turn

%: wizardry (x1), archmagi
@: studying Fighting
A: no striking features
a: Renounce Religion


You were on level 11 of the Dungeon.
You worshipped Vehumet.
Vehumet was greatly pleased with you.
You visited 2 branches of the dungeon, and saw 12 of its levels.
You also visited: Bailey.

You collected 803 gold pieces.
You spent 714 gold pieces at shops.

Inventory:

Hand Weapons
 a - a +2 vampiric dagger
 c - a +4 great sword
 r - a +4 trident of venom
 s - the +5 rapier of the Hero (weapon) {heavy, rN+ Dex+3}
   (You found it on level 3 of the Dungeon)

   Dex:       It affects your dexterity (+3).
   rN:        It protects you from negative energy.
 v - a +2 rapier of venom
 N - a +1 mace of protection
 P - a +5 scimitar
Missiles
 I - 6 curare-tipped darts
 K - 38 poisoned darts
 M - 4 boomerangs (quivered)
Armour
 l - a +0 pair of gloves (worn)
 u - a +0 troll leather armour (worn)
 D - a +0 cloak (worn)
 E - a +0 buckler
 L - a +1 helmet (worn)
Jewellery
 j - a ring of magical power (left hand)
 z - an amulet of magic regeneration (around neck)
 S - an amulet of reflection
 T - the ring of the Mage (right hand) {Wiz Archmagi}
   (You bought it in a shop on level 2 of the Dungeon)

   [ring of wizardry]

   It improves your spell success rate.
   Archmagi:  It increases the power of your magical spells.
Wands
 p - a wand of roots (6)
 G - a wand of mindburst (7)
Scrolls
 f - 3 scrolls of teleportation
 k - 2 scrolls of amnesia
 m - 5 scrolls of blinking
 n - a scroll of torment {unknown}
 o - a scroll of immolation {unknown}
 q - 2 scrolls of fog
 w - a scroll of enchant armour {unknown}
 x - 2 scrolls of silence
 y - a scroll of magic mapping {unknown}
 A - 3 scrolls of noise {unknown}
 B - 2 scrolls of fear
 F - 2 scrolls of poison
 H - 4 scrolls of enchant weapon
 O - 2 scrolls of acquirement
 Q - a scroll of vulnerability {unknown}
Potions
 b - a potion of magic
 d - 3 potions of ambrosia
 e - 6 potions of attraction
 g - 3 potions of haste
 h - 6 potions of curing
 i - 2 potions of mutation {unknown}
 t - 3 potions of brilliance
 C - 2 potions of lignification
 R - a potion of cancellation {unknown}


   Skills:
 - Level 2.9 Fighting
 + Level 4.2(4.3) Short Blades
 + Level 0.6(2.4) Long Blades
 + Level 3.2 Throwing
 * Level 1.8 Armour
 * Level 7.8 Dodging
 + Level 6.5 Stealth
 * Level 13.1 Spellcasting
 + Level 4.2 Conjurations
 + Level 11.8 Necromancy
 + Level 5.2 Translocations
 + Level 3.6 Air Magic
 + Level 4.2 Poison Magic
 + Level 1.1 Evocations


You had 12 spell levels left.
You knew the following spells:

 Your Spells              Type           Power      Damage    Failure   Level
a - Necrotise             Necr           100%       1d9       1%          1
b - Kiss of Death         Conj/Necr      100%       2d13      1%          1
c - Mephitic Cloud        Conj/Pois/Air  53%        N/A       1%          3
d - Vampiric Draining     Necr           85%        2d12      1%          3
e - Momentum Strike       Conj/Tloc      100%       3d10      1%          2
f - Yara's Violent Unrav  Hex/Tmut       12%        3d7       17%         5
g - Eringya's Noxious Bo  Tmut/Pois      20%        N/A       34%         6
t - Teleport Other        Tloc           59%        N/A       1%          3

Your spell library contained the following spells:

 Spells                   Type           Power      Damage    Failure   Level
 Lesser Beckoning         Tloc           100%       N/A       1%          2
 Gell's Gravitas          Tloc           59%        N/A       1%          3
 Animate Dead             Necr           85%        N/A       1%          4
 Agony                    Necr           85%        N/A       1%          5
 Spider Form              Tmut/Pois      40%        N/A       3%          3
 Cause Fear               Hex            12%        N/A       22%         4
 Summon Mana Viper        Hex/Summ       24%        N/A       52%         5


Dungeon Overview and Level Annotations

Branches:
Dungeon (11/15)            Temple (0/1) D:6             Orc (1/2) D:10
 Bailey (visited)
   Lair: D:8-11

Altars:
Dithmenos
Fedhas
Hepliaklqana
Nemelex Xobeh
Okawaru
Qazlal
Ru
Trog
Uskayaw
Vehumet
Zin
The Shining One

Shops:
D:2 =   D:4 (


Message History

The centaur warrior simulacrum struggles to escape constriction.
The roots lose their grip on something.
There is a stone staircase leading up here.
Aiming: Fastroot
Press: ? - help, Shift-Dir - straight line, f/p - centaur warrior simulacrum
Aim: a centaur warrior simulacrum (moderately damaged)
The roots erupt in riotous growth!
Roots grab the centaur warrior simulacrum.
The grasping roots constrict the centaur warrior simulacrum.
You hear a shout!
The centaur warrior simulacrum struggles to escape constriction.
Throw: 4 boomerangs
Press: ? - help, Q - select action, (/) - cycle Shift-Dir - straight line, f/p - centaur warrior simulacrum
Aim: a centaur warrior simulacrum (heavily damaged, constricted by roots, 98% to hit)
You throw a boomerang.
The boomerang hits the centaur warrior simulacrum.
The centaur warrior simulacrum is severely damaged.
The grasping roots constrict the centaur warrior simulacrum!
The roots release their grip on the centaur warrior simulacrum.
You completely miss the centaur warrior simulacrum.
The centaur warrior simulacrum is almost destroyed.
The centaur warrior simulacrum hits you.
The centaur warrior simulacrum freezes you!!
The centaur warrior simulacrum barely misses you.
The centaur warrior simulacrum hits you.
The centaur warrior simulacrum freezes you!!
* * * LOW HITPOINT WARNING * * *
The centaur warrior simulacrum kicks you but does no damage.
Aiming: Mindburst
Press: ? - help, Shift-Dir - straight line, f/p - centaur warrior simulacrum
Aim: a centaur warrior simulacrum (almost destroyed, not susceptible)
Okay, then.
Unknown command.
Unknown command.
Unknown command.
Okay, then.
You feel agile.
s - the +5 rapier of the Hero (weapon)
{heavy, rN+ Dex+3} The centaur warrior simulacrum hits you!
You die...

##########
.........#
.........#
.........#
.......@.## ##...
........Z.# ..(..
..........####..#
#########..).Z..#
#.....####..#!..
#...........##
#.....>###...###..
#...............o.
#.....#####.####.#


You could see a centaur warrior simulacrum.

Vanquished Creatures
  Harold (D:9)
  2 two-headed ogres
  Pikel (D:6)
  3 orc knights
  2 cyclopes (D:9)
  Joseph (D:7)
  A kobold demonologist (D:9)
  3 trolls
  A centaur simulacrum (D:11)
  9 yaks
  2 steam dragons
  3 wyverns
  Menkaure (D:7)
  3 ice beasts
  A sky beast (D:6)
  11 orc warriors
  2 black bears
  2 ogres
  A centaur (D:7)
  2 wolves (D:10)
  A phantom (D:7)
  Blork the orc (D:6)
  4 kobold brigands
  4 gnoll sergeants
  2 bullfrogs
  2 scorpions (D:5)
  10 wights
  10 killer bees
  2 howler monkeys (D:10)
  2 quasits (D:8)
  6 hounds
  A jelly (D:6)
  Crazy Yiuf (D:7)
  6 orc priests
  A gnoll bouda (D:8)
  A sleepcap (D:5)
  5 iguanas
  8 orc wizards
  26 gnolls
  9 adders
  3 shadow imps (D:8)
  6 white imps
  4 ufetubi
  A worm (D:4)
  3 dart slugs
  52 orcs
  4 endoplasms
  9 goblins
  7 hobgoblins
  A quokka (D:2)
  6 ball pythons
  3 bats
  4 frilled lizards
  21 kobolds
  A rat (D:2)
279 creatures vanquished.

Notes
Turn   | Place    | Note
-------+----------+-------------------------------------------
     0 | D:1      | Esekla the Deep Elf Necromancer began the quest for the
                  | Orb.
     0 | D:1      | Reached XP level 1. HP: 10/10 MP: 6/6
   314 | D:4      | Found a radiant altar of Vehumet.
   332 | D:4      | Found an iron altar of Okawaru.
   343 | D:4      | Found a glowing silver altar of Zin.
   449 | D:4      | Became a worshipper of Vehumet
   474 | D:4      | Reached skill level 5 in Necromancy
   619 | D:3      | Reached XP level 2. HP: 15/15 MP: 8/8
   703 | D:5      | Entered Level 5 of the Dungeon
   822 | D:4      | Found Ponaysk's Antique Weapon Boutique.
  1044 | D:3      | Identified the +5 rapier of the Hero {heavy, rN+ Dex+3}
  1127 | D:2      | Found Renulab's Jewellery Shop.
  1279 | D:2      | Reached XP level 3. HP: 14/19 MP: 9/9
  1283 | D:2      | Learned a level 3 spell: Vampiric Draining
  1389 | D:1      | Reached * piety under Vehumet
  1389 | D:1      | Offered knowledge of Kiss of Death by Vehumet.
  1393 | D:1      | Learned a level 1 spell: Kiss of Death
  1729 | D:2      | Noticed a black bear
  1739 | D:2      | Reached skill level 1 in Short Blades
  1739 | D:2      | Reached XP level 4. HP: 22/24 MP: 3/11
  1758 | D:2      | Found a faded altar of an unknown god.
  2126 | D:3      | Found a hazy altar of Hepliaklqana.
  2128 | D:3      | Found a bloodstained altar of Trog.
  2129 | D:3      | Found a stormy altar of Qazlal.
  2147 | D:3      | Reached XP level 5. HP: 28/28 MP: 9/12
  2498 | D:2      | Killed a black bear
  2499 | D:2      | Reached skill level 4 in Spellcasting
  2963 | D:4      | Reached XP level 6. HP: 24/32 MP: 11/15
  3038 | D:4      | Learned a level 3 spell: Teleport Other
  3115 | D:5      | Got the Parchment of the Lumpy Olives
  3131 | D:5      | Found a shadowy altar of Dithmenos.
  3191 | D:5      | Reached skill level 5 in Spellcasting
  3345 | D:6      | Noticed an ice beast
  3358 | D:6      | Killed an ice beast
  3358 | D:6      | Offered knowledge of Momentum Strike by Vehumet.
  3397 | D:6      | Reached ** piety under Vehumet
  3486 | D:4      | Found a glowing golden altar of the Shining One.
  3556 | D:5      | Reached skill level 1 in Translocations
  3556 | D:5      | Reached XP level 7. HP: 36/36 MP: 17/17
  3689 | D:5      | Reached skill level 6 in Spellcasting
  4217 | D:6      | Noticed Blork the orc
  4301 | D:5      | Learned a level 2 spell: Momentum Strike
  4429 | D:6      | Reached XP level 8. HP: 31/41 MP: 12/20
  4488 | D:7      | Found a runed translucent door.
  4489 | D:7      | Noticed Crazy Yiuf
  4498 | D:7      | Killed Crazy Yiuf
  4628 | D:6      | Found a staircase to the Ecumenical Temple.
  4651 | D:6      | Noticed Pikel
  4669 | D:6      | Killed Pikel
  4670 | D:6      | Reached skill level 1 in Throwing
  4670 | D:6      | Reached skill level 5 in Dodging
  4670 | D:6      | Reached skill level 8 in Spellcasting
  5119 | D:7      | Offered knowledge of Mephitic Cloud by Vehumet.
  5120 | D:7      | Reached skill level 9 in Spellcasting
  5124 | D:7      | Learned a level 3 spell: Mephitic Cloud
  5267 | D:8      | Noticed a two-headed ogre
  5271 | D:7      | Noticed Menkaure
  5283 | D:7      | Killed Menkaure
  5284 | D:7      | Reached XP level 9. HP: 38/45 MP: 24/24
  5484 | D:7      | Reached *** piety under Vehumet
  5597 | D:7      | Noticed Joseph
  5700 | D:6      | Killed Blork the orc
  5701 | D:6      | Reached skill level 1 in Conjurations
  5701 | D:6      | Reached skill level 1 in Poison Magic
  5866 | D:6      | Found a blossoming altar of Fedhas.
  5988 | D:7      | Killed Joseph
  5989 | D:7      | Reached skill level 1 in Air Magic
  6071 | D:7      | Reached skill level 10 in Spellcasting
  6416 | D:8      | Offered knowledge of Fulminant Prism by Vehumet.
  6419 | D:8      | Reached skill level 10 in Necromancy
  6872 | D:8      | Found a hide-covered altar of Uskayaw.
  6904 | D:8      | Killed a two-headed ogre
  6905 | D:8      | Reached XP level 10. HP: 50/50 MP: 24/26
  6925 | D:8      | Reached **** piety under Vehumet
  7154 | D:8      | Found a transporter.
  7154 | D:8      | Found a transporter.
  7160 | D:8      | Found a transporter.
  7165 | D:8      | Found a transporter.
  7318 | D:8      | Offered knowledge of Yara's Violent Unravelling by Vehumet.
  7333 | D:8      | Learned a level 5 spell: Yara's Violent Unravelling
  7698 | D:9      | Noticed a two-headed ogre
  7770 | D:9      | Found a flagged portal.
  7795 | Bailey   | Entered a bailey
  7903 | Bailey   | Reached skill level 11 in Spellcasting
  7954 | Bailey   | Reached skill level 5 in Stealth
  7968 | Bailey   | Identified the +2 bardiche of Puhoisos {heavy, rElec
                  | Stlth+}
  7970 | Bailey   | Noticed an orc knight
  7970 | Bailey   | Noticed an orc knight
  7977 | Bailey   | Killed an orc knight
  7991 | Bailey   | Killed an orc knight
  8220 | D:9      | Noticed Harold
  8284 | D:9      | Killed Harold
  8285 | D:9      | Reached skill level 1 in Fighting
  8613 | D:9      | Reached skill level 12 in Spellcasting
  8772 | D:9      | Found a sparkling altar of Nemelex Xobeh.
  8846 | D:9      | Noticed a cyclops
  8867 | D:9      | Killed a cyclops
  8868 | D:9      | Reached XP level 11. HP: 36/57 MP: 29/29
  8881 | D:9      | Reached ***** piety under Vehumet
  8907 | D:9      | Offered knowledge of Eringya's Noxious Bog by Vehumet.
  8946 | D:9      | Reached skill level 1 in Evocations
  9109 | D:10     | Entered Level 10 of the Dungeon
  9149 | D:10     | Reached skill level 5 in Translocations
  9242 | D:10     | Learned a level 6 spell: Eringya's Noxious Bog
  9699 | D:10     | Found a staircase to the Orcish Mines.
  9758 | Orc:1    | Entered Level 1 of the Orcish Mines
  9759 | Orc:1    | Noticed an orc knight
  9909 | D:10     | Killed an orc knight
 10325 | D:9      | Killed a two-headed ogre
 10483 | D:2      | Bought the ring of the Mage {Wiz Archmagi} for 714 gold
                  | pieces
 10483 | D:2      | Found the ring of the Mage {Wiz Archmagi}
 10694 | D:11     | Reached skill level 1 in Armour
 10885 | D:10     | Reached skill level 13 in Spellcasting
 10925 | D:10     | Found a sacrificial altar of Ru.
 10998 | D:11     | Slain by a centaur warrior simulacrum

Illustrated notes

Levels and vault maps discovered:
D:1:      sevenhm_arrival_forest_fort_small_3, layout_rooms,
          chequers_serial_rivers_room_b, minmay_misc_feat_five
D:2:      layout_loops_ring, dreamdust_ecumenical_altar_angels_and_demons,
          serial_shops, shop
D:3:      layout_basic, grunt_temple_overflow_open, minmay_misc_feat_iff
D:4:      layout_basic, nicolae_overflow_quartered_altars, serial_shops,
          nicolae_diamond_shop
D:5:      layout_loops_ring, lemuel_doored_altar, minmay_misc_feat_rows,
          dreamdust_wishing_well
D:6:      layout_loops_cross, fedhas_altar_fruit_tree,
          minmay_temple_entry_glass, uniq_pikel, uniq_blork_the_orc
D:7:      layout_basic, uniq_menkaure, uniq_joseph, uniq_crazy_yiuf_cottage
D:8:      layout_basic, nicolae_uskayaw_dance_hall, serial_demonic,
          serial_demonic_d, serial_demonic_a, serial_demonic_c,
          serial_demonic_c, nicolae_diode_quadrants
D:9:      layout_irregular_city, kennysheep_little_box, enter_bailey_4,
          minmay_between, uniq_harold
D:10:     layout_basic, nicolae_ru_awakened_eye
D:11:     layout_rooms, hellmonk_lair_entry_icy, serial_ice, serial_ice_j,
          serial_ice_m, serial_ice_o, serial_ice_c, serial_ice_g, serial_ice_f,
          guppyfry_shop_earth, uniq_psyche, uniq_lodul
Orc:1:    layout_caves

Skill      XL: |  1  2  3  4  5  6  7  8  9 10 11 |
---------------+----------------------------------+-----
Necromancy     | 5 6 8 9 10 11 | 11.8
Stealth        | 3 4 6 |  6.5
Short Blades   | 1 2 3 4 |  4.2
Dodging        | 3 4 5 6 7 |  7.8
Spellcasting   | 4 5 6 9 10 12 13 | 13.1
Translocations | 1 2 3 4 5 |  5.2
Throwing       | 1 2 3 |  3.2
Conjurations   | 2 3 4 |  4.2
Poison Magic   | 3 4 |  4.2
Air Magic      | 1 2 3 |  3.6
Fighting       | 1 2 |  2.9
Evocations     | 1 |  1.1
Armour         | 1 |  1.8
Long Blades    | |  0.6

Action                     |  1- 3 |  4- 6 |  7- 9 | 10-12 || total
---------------------------+-------+-------+-------+-------++-------
  Melee: Short sword       |   106 |    59 |       |       ||   165
         Unarmed           |     9 |       |       |       ||     9
         Punch             |       |     2 |     3 |     1 ||     6
         Dagger            |       |    25 |   238 |   237 ||   500
         Rapier            |       |       |    37 |    19 ||    56
         Great sword       |       |       |       |    38 ||    38
  Throw: Dart              |       |    12 |    33 |    89 ||   134
         Boomerang         |       |       |       |    12 ||    12
   Cast: Vampiric Draining |     5 |    23 |    65 |    82 ||   175
         Teleport Other    |       |       |     9 |     1 ||    10
         Mephitic Cloud    |       |       |    16 |    44 ||    60
  Evoke: Wand              |       |       |    21 |    19 ||    40
    Use: Scroll            |     1 |       |     8 |     6 ||    15
         Potion            |       |       |     2 |     2 ||     4
   Stab: Sleeping          |     4 |     2 |    13 |     6 ||    25
         Distracted        |       |       |     1 |       ||     1
         Confused          |       |       |     6 |    18 ||    24
 Armour: Robe              |    29 |    25 |    59 |       ||   113
         Steam dragon scal |       |       |    21 |    83 ||   104
         Troll leather arm |       |       |       |     6 ||     6
  Dodge: Dodged            |    89 |    64 |   202 |   272 ||   627
